 Dungeon Crawl Stone Soup version 0.31-a0-200-gbc41564c69 (webtiles) character file.

Game seed: 6037645568141640192

85 qw the Shooter (level 4, -4/25 HPs)
             Began as a Deep Elf Hunter on June 25, 2023.
             Killed by divine providence
             ... invoked by an orc priest
              (12 damage)
             ... on level 3 of the Dungeon.
             The game lasted 00:00:42 (1551 turns).

qw the Shooter (Deep Elf Hunter)                    Turns: 1551, Time: 00:00:42

Health: -4/25      AC: 11    Str: 16    XL:     4   Next: 25%
Magic:  6/6        EV: 11    Int: 14    God:
Gold:   227        SH:  0    Dex: 18    Spells: 3/3 levels left

rFire   . . .        Y - +0 shortbow
rCold   . . .        (shield currently unavailable)
rNeg    . . .        b - +2 ring mail {rPois}
rPois   +            j - +0 helmet
rElec   .            (no cloak)
rCorr   .            h - +2 pair of gloves
SInv    .            (no boots)
Will    .....        a - amulet of faith
Stlth   +            k - +6 ring of strength
HPRegen 0.24/turn    m - +4 ring of slaying {mikee}
MPRegen 0.10/turn

%: faith
@: no status effects
A: no striking features
a: no special abilities


You were on level 3 of the Dungeon.
You visited 1 branch of the dungeon, and saw 3 of its levels.

You collected 227 gold pieces.


   Skills:
 - Level 1.5 Fighting
 + Level 7.7 Ranged Weapons
 - Level 2.4 Dodging
 - Level 1.2 Stealth


You had 3 spell levels left.
You didn't know any spells.
Your spell library was empty.

Inventory:

Hand Weapons
 Y - a +0 shortbow (weapon)
Armour
 b - a +2 ring mail of poison resistance (worn)
 h - a +2 pair of gloves (worn)
 j - a +0 helmet (worn)
Jewellery
 a - an amulet of faith (around neck)
 k - a +6 ring of strength (left hand)
 m - a +4 ring of slaying (right hand) {mikee}
Scrolls
 c - a scroll of enchant armour {unknown}
 e - a scroll of identify
Potions
 d - 2 potions of enlightenment {unknown}
 g - a potion of haste
 l - a potion of heal wounds {unknown}

Dungeon Overview and Level Annotations

Branches:
Dungeon (3/15)

Altars:

Shops:
D:1 =

Annotations:
D:3 2 runed translucent doors


Message History

You shoot an arrow. The arrow hits the orc priest.
The orc priest shouts!
The orc priest is lightly wounded.
You hear a shout!
An orc priest comes into view. It is wielding a +0 morningstar.
An orc priest comes into view. It is wielding a +0 trident.
An orc comes into view. It is wielding a +3 hand axe.
The orc priest moves out of view.
1544 ||| Stepping ~*~*~tactically~*~*~ (outnumbered).
Enter note:
Enter note:
Enter note:
Enter note:
Enter note:
Enter note:
Enter note:
Enter note:
1546 ||| Stepping ~*~*~tactically~*~*~ (outnumbered).
The orc shouts!
The orc priest hits you with a +0 flail.
Enter note:
Enter note:
Enter note:
Enter note: You shoot an arrow.
The arrow hits the orc priest.
The orc priest is moderately wounded.
The orc priest calls down the wrath of Beogh upon you.
Beogh smites you!
Ouch! That really hurt!
You shoot an arrow. The arrow hits the orc priest.
The orc priest is moderately wounded.
You shoot an arrow. The arrow hits the orc priest.
The orc priest is heavily wounded.
The orc priest hits you but does no damage.
The orc priest closely misses you.
You shoot an arrow. The arrow barely misses the orc priest.
The orc priest closely misses you.
The orc priest calls down the wrath of Beogh upon you.
Beogh smites you!
You die...

~¤.#... ### ¤¤¤+... ##o
... ~#¤+... )....#
...#... #.##.# ###
~~.#..# #.#......
##.#... #.o..#)# #####.
# #..ooo.# #. #.##.##@#
#. #.......# #.##. #.
####.#### ###. ....##.
##...#######....)......
#>.#.##................
#....##.......# #.##.##
#...###.......# #.##.#.
###.# #.......###.##...
#.# #..............#.


You could see 3 orc priests and an orc.

Vanquished Creatures
  2 adders (D:2)
  A dart slug (D:2)
  2 orcs
  A ball python (D:1)
  7 endoplasms
  2 giant cockroaches (D:1)
  5 goblins
  4 hobgoblins
  10 jackals
  3 quokkas
  9 bats
  4 kobolds
  5 rats
55 creatures vanquished.

Notes
Turn   | Place    | Note
-------+----------+-------------------------------------------
     0 | D:1      | qw the Deep Elf Hunter began the quest for the Orb.
     0 | D:1      | Reached XP level 1. HP: 12/12 MP: 3/3
     0 | D:1      | 0 ||| qw: Version: 0.3-a-22-g0ed2b0b
     0 | D:1      | 0 ||| qw: Game counter: 5611
     0 | D:1      | 0 ||| qw: Melee chars always use a shield: true
     0 | D:1      | 0 ||| qw: God list: Okawaru
     0 | D:1      | 0 ||| qw: Allow faded altars: false
     0 | D:1      | 0 ||| qw: Do Orc after clearing Dungeon:15 true
     0 | D:1      | 0 ||| qw: Do second Lair branch before Depths: true
     0 | D:1      | 0 ||| qw: Lair rune preference: random
     0 | D:1      | 0 ||| qw: Goals: Normal
     0 | D:1      | 0 ||| PLANNING D:1-11
    17 | D:1      | Found Faethrag's Jewellery Boutique.
    26 | D:1      | 26 ||| SHOPLISTING amulet of regeneration (390 gold, have
                  | 10).
    26 | D:1      | 26 ||| SHOPLISTING ring of fire (325 gold, have 10).
    26 | D:1      | 26 ||| SHOPLISTING ring of protection from cold (325 gold,
                  | have 10).
    26 | D:1      | 26 ||| SHOPLISTING ring of see invisible (195 gold, have
                  | 10).
    89 | D:1      | Reached XP level 2. HP: 16/16 MP: 4/4
   121 | D:1      | Reached skill level 6 in Ranged Weapons
   387 | D:1      | Reached XP level 3. HP: 20/20 MP: 5/5
   395 | D:1      | 395 ||| UPGRADING to +2 pair of gloves.
   400 | D:1      | 400 ||| UPGRADING to +0 helmet.
   405 | D:1      | 405 ||| UPGRADING to +6 ring of strength.
   406 | D:1      | 406 ||| UPGRADING to +4 ring of slaying {mikee}.
   407 | D:1      | 407 ||| READING 3 scrolls labelled COWKIG MAER.
   408 | D:1      | 408 ||| READING scroll labelled HAUFEQ OLUNN.
   411 | D:1      | 411 ||| READING scroll labelled FUERYA DISONI.
   412 | D:1      | 412 ||| READING scroll labelled BOACAE SOPNU.
   413 | D:1      | 413 ||| READING scroll labelled GAAN KEJOEPSUUM.
   414 | D:1      | 414 ||| DRINKING 2 glowing grey potions.
   415 | D:1      | 415 ||| DROPPING 2 scrolls of blinking.
   416 | D:1      | 416 ||| DROPPING scroll of butterflies.
   749 | D:2      | Reached skill level 7 in Ranged Weapons
   876 | D:2      | 876 ||| READING scroll labelled QIKUSMUHED.
   877 | D:2      | 877 ||| READING 2 scrolls labelled YNKAOS HAETEPP.
   878 | D:2      | 878 ||| DROPPING scroll of noise.
  1106 | D:2      | 1106 ||| UPGRADING to amulet of faith.
  1186 | D:3      | 1186 ||| STAIRDANCE
  1215 | D:2      | 1215 ||| UPGRADING to +2 ring mail of poison resistance.
  1225 | D:2      | 1225 ||| DROPPING +0 leather armour.
  1230 | D:3      | 1230 ||| STAIRDANCE
  1236 | D:2      | Reached XP level 4. HP: 18/25 MP: 6/6
  1436 | D:3      | Found a large runed translucent door.
  1436 | D:3      | Found a large runed translucent door.
  1544 | D:3      | 1544 ||| Stepping ~*~*~tactically~*~*~ (outnumbered).
  1546 | D:3      | 1546 ||| Stepping ~*~*~tactically~*~*~ (outnumbered).
  1551 | D:3      | Killed from afar by an orc priest

Levels and vault maps discovered:
D:1:      doesnt_arrival_eight_statues, layout_rooms, serial_shops, shop
D:2:      layout_basic
D:3:      layout_loops_cross, ebering_ecumenical_altar_abandoned,
          ebering_ghost_disaster_area

Skill      XL: |  1  2  3 |
---------------+----------+-----
Ranged Weapons | 6 7 |  7.7
Fighting       | |  1.5
Dodging        | |  2.4
Stealth        | |  1.2

Action                     |  1- 3 |  4- 6 || total
---------------------------+-------+-------++-------
   Fire: Shortbow          |   109 |    20 ||   129
    Use: Scroll            |     7 |       ||     7
         Potion            |     1 |       ||     1
 Armour: Leather armour    |     5 |       ||     5
         Ring mail         |     3 |     4 ||     7
  Dodge: Dodged            |    20 |     5 ||    25

Table legend:
 A = Non-vault XP
 B = Vault XP
 C = Vault XP percentage of total XP
 D = Non-vault monster count
 E = Vault monster count
 F = Vault count percentage of total count
                 A         B        C        D         E       F
            +---------+---------+-------+---------+---------+-------
      Total |     122 |       0 |   0.0 |      55 |       0 |   0.0
            +---------+---------+-------+---------+---------+-------
        D:1 |      41 |       0 |   0.0 |      24 |       0 |   0.0
        D:2 |      65 |       0 |   0.0 |      23 |       0 |   0.0
        D:3 |      16 |       0 |   0.0 |       8 |       0 |   0.0
            +---------+---------+-------+---------+---------+-------
